 Dungeon Sprint DCSS version 0.22-a0-456-g11ed031 (webtiles) character file.

12002 Kidiri the Fighter (level 11, -8/105 HPs)
             Began as a Black Draconian Transmuter on June 6, 2018.
             Was a High Priest of Sif Muna.
             Mangled by an orc knight
             ... wielding a +1 war axe
              (30 damage)
             ... in the Dungeon (Sprint IX: "|||||||||||||||||||||||||||||").
             The game lasted 00:09:10 (2950 turns).

Kidiri the Fighter (Black Draconian Transmuter)     Turns: 2950, Time: 00:09:11

Health: -8/105     AC:  8    Str: 13    XL:     11   Next: 56%
Magic:  19/22      EV: 22    Int: 15    God:    Sif Muna [*****.]
Gold:   1526       SH:  0    Dex: 13    Spells: 2/25 levels left

rFire    . . .     SeeInvis .     - Unarmed
rCold    . . .     Gourm    .   (shield currently unavailable)
rNeg     . . .     Faith    .   (armour unavailable)
rPois    .         Spirit   .   (helmet restricted)
rElec    +         Reflect  .   o - +0 cloak
rCorr    .         Harm     .   (gloves currently unavailable)
MR       .....     NoTele   +   (no boots)
Stlth    ++++......             (no amulet)
HPRegen  0.27/turn              p - +2 ring of evasion
MPRegen  0.18/turn              q - +2 ring of evasion

@: blade hands
A: breathe lightning, unfitting armour, electricity resistance, cold-blooded, AC
+7
a: Breathe Lightning, End Transformation, Divine Energy, Channel Magic, Forget
Spell, Renounce Religion


You were in the Dungeon.
You worshipped Sif Muna.
Sif Muna was extremely pleased with you.
You were not hungry.
You had blades for hands.
You visited 1 branch You collected 1526 gold pieces.

Inventory:

Missiles
 a - 30 arrows
 h - 8 tomahawks (quivered)
Armour
 n - a +0 pair of gloves (melded)
 o - a +0 cloak (worn)
Jewellery
 p - a +2 ring of evasion (left scythe-like blade)
 q - a +2 ring of evasion (right scythe-like blade)
Wands
 m - a wand of iceblast (10)
Scrolls
 i - 2 scrolls of blinking
 k - 3 scrolls of remove curse
 l - 2 scrolls of amnesia
 t - 4 scrolls of enchant weapon
 u - a scroll of identify
 v - a scroll of fear
Potions
 d - 7 potions of curing
 e - 2 potions of heal wounds
 f - a potion of haste
 g - 4 potions of magic
 j - a potion of invisibility
 r - a potion of berserk rage
 s - 2 potions of might
Comestibles
 c - 11 rations


   Skills:
 * Level 12.4 Fighting
 + Level 6.8 Throwing
 * Level 10.7 Dodging
 + Level 8.1 Stealth
 * Level 11.7 Unarmed Combat
 + Level 7.8 Spellcasting
 + Level 2.6 Charms
 * Level 11.6 Transmutations
 + Level 7.5 Ice Magic
 + Level 7.4 Poison Magic
 - Level 7.2 Invocations


You had 2 spell levels left.
You knew the following spells:

 Your Spells              Type           Power        Failure   Level  Hunger
a - Beastly Appendage     Tmut           #####.       7%          1    None
b - Sticks to Snakes      Tmut           #####...     8%          2    None
c - Spider Form           Tmut/Pois      ####......   13%         3    ##.....
d - Ice Form              Ice/Tmut       ####....     22%         4    ####...
e - Blade Hands           Tmut           #####.....   24%         5    #####..
f - Shroud of Golubria    Chrm/Tloc      #.........   47%         2    None
g - Regeneration          Chrm/Necr      #.........   65%         3    ##.....
h - Ozocubu's Armour      Chrm/Ice       ###.....     32%         3    ##.....

Your spell library contained the following spells:

 Spells                   Type           Power        Failure   Level  Hunger
 Freezing Cloud           Conj/Ice/Air   ##........   100%        6    #######
 Summon Small Mammal      Summ           #...         50%         1    None
 Statue Form              Tmut/Erth      ###......    99%         6    #######
 Dragon Form              Tmut           #####.....   94%         7    #######
 Glaciate                 Conj/Ice       ###.......   100%        9    #######
 Call Canine Familiar     Summ           #.......     78%         3    ##.....
 Static Discharge         Conj/Air       #.......     78%         3    ##.....
 Petrify                  Tmut/Erth      ###.....     47%         4    ####...
 Summon Guardian Golem    Hex/Summ       #.......     78%         3    ##.....
 Hydra Form               Tmut           #####.....   56%         6    #######
 Irradiate                Conj/Tmut      ###.......   73%         5    #####..


Dungeon Overview and Level Annotations

Branches:
Dungeon (1/1)

Altars:
Cheibriados
Dithmenos
Elyvilon
Fedhas
Gozag
Hepliaklqana
Kikubaaqudgha
Makhleb
Nemelex Xobeh
Okawaru
Qazlal
Ru
Sif Muna
Trog
Uskayaw
Vehumet
Wu Jian
Xom
Yredelemnul
Zin
The Shining One
Beogh
Jiyva
Lugonu

Shops:
D *!%[


Innate Abilities, Weirdness & Mutations

You can breathe wild blasts of lightning.
Your glossy black scales are hard. (AC +7)
You cannot fit into any form of body armour.
You are resistant to electric shocks. (rElec)
You are cold-blooded and may be slowed by cold attacks.


Message History

The orc knight hits you with an enchanted great mace!!
There is an entrance to Nydidwod's Food Emporium here.
Things that are here:
a dire flail; a plate armour You slice the orc knight!!
Your tail-slap misses the orc knight.
The orc knight is moderately wounded.
The orc knight closely misses you.
You slice the orc knight!!
The orc knight is severely wounded.
You slice the orc knight!!
You kill the orc knight!
Sif Muna accepts your kill.
You slice the orc knight!!
The orc knight is heavily wounded.
The orc knight hits you with an enchanted war axe!!
* * * LOW HITPOINT WARNING * * *
You hit the orc knight.
The orc knight is heavily wounded.
The orc knight hits you with an enchanted war axe!!
You die...

▓▓▓▓▓▓▓▓▓▓▓▓▓▓▓▓▓▓▓▓▓▓▓▓
......')))..∩)∩.@ooo$...
▓▓▓▓▓▓▓▓▓▓▓▓▓▓▓▓▓▓▓▓▓▓▓▓▓▓▓▓▓▓▓▓▓
.....)......)...........)).......
▓▓▓▓▓▓▓▓▓▓▓▓▓▓▓▓▓▓▓▓▓▓▓▓▓▓▓▓▓▓▓▓▓
.......'........[...'..[[[[..'...
▓▓▓▓▓▓▓▓▓▓▓▓▓▓▓▓▓▓▓▓▓▓▓▓▓▓▓▓▓▓▓▓▓
.................................
▓▓▓▓▓▓▓▓▓▓▓▓▓▓▓▓▓▓▓▓▓▓▓▓▓▓▓▓▓▓▓▓▓
_______'..|)..[..[.(....).)....'.


You could see 2 orc knights and an orc warrior.

Vanquished Creatures
  A stone giant (D)
  Erolcha (D)
  A centaur warrior (D)
  An orc high priest (D)
  7 orc knights (D)
  A gargoyle (D)
  Maurice (D)
  A spiny frog (D)
  2 komodo dragons (D)
  4 polar bears (D)
  2 blink frogs (D)
  2 hippogriffs (D)
  A vampire mosquito (D)
  A water moccasin (D)
  2 porcupines (D)
  14 orc warriors (D)
  An ice beast (D)
  6 black bears (D)
  2 ogres (D)
  A wolf (D)
  4 crocodiles (D)
  A big kobold (D)
  3 bullfrogs (D)
  A howler monkey (D)
  2 orc priests (D)
  3 orc wizards (D)
  3 adders (D)
  A dart slug (D)
  10 orcs (D)
  A giant cockroach (D)
  A bat (D)
  A frilled lizard (D)
  A giant cockroach zombie (D)
  A rat (D)
85 creatures vanquished.

Notes
Turn   | Place    | Note
-------+----------+-------------------------------------------
     0 | D        | Kidiri the Draconian Transmuter began the quest for the Orb.
     0 | D        | Reached XP level 1. HP: 16/16 MP: 3/3
    24 | D        | Reached skill level 2 in Fighting
    63 | D        | Noticed an ogre
    63 | D        | Noticed a howler monkey
    68 | D        | Reached skill level 1 in Stealth
    68 | D        | Reached XP level 2. HP: 21/25 MP: 3/5
    76 | D        | Killed an ogre
    76 | D        | Reached skill level 4 in Fighting
    76 | D        | Reached XP level 3. HP: 24/34 MP: 3/7
    76 | D        | Reached XP level 4. HP: 29/41 MP: 3/8
    79 | D        | Reached skill level 5 in Unarmed Combat
    79 | D        | Reached XP level 5. HP: 33/47 MP: 3/10
    81 | D        | Reached skill level 5 in Fighting
   119 | D        | Found a roughly hewn altar of Beogh.
   119 | D        | Found a snail-covered altar of Cheibriados.
   119 | D        | Found a shadowy altar of Dithmenos.
   119 | D        | Found a white marble altar of Elyvilon.
   119 | D        | Found a blossoming altar of Fedhas.
   119 | D        | Found an opulent altar of Gozag.
   120 | D        | Found a hazy altar of Hepliaklqana.
   121 | D        | Found a viscous altar of Jiyva.
   122 | D        | Found an ancient bone altar of Kikubaaqudgha.
   123 | D        | Found a corrupted altar of Lugonu.
   124 | D        | Found a burning altar of Makhleb.
   125 | D        | Found a sparkling altar of Nemelex Xobeh.
   126 | D        | Found an iron altar of Okawaru.
   127 | D        | Found a stormy altar of Qazlal.
   128 | D        | Found a sacrificial altar of Ru.
   129 | D        | Found a deep blue altar of Sif Muna.
   130 | D        | Found a bloodstained altar of Trog.
   131 | D        | Found a hide-covered altar of Uskayaw.
   132 | D        | Found a radiant altar of Vehumet.
   133 | D        | Found an ornate altar of the Wu Jian Council.
   134 | D        | Found a shimmering altar of Xom.
   135 | D        | Found a basalt altar of Yredelemnul.
   136 | D        | Found a glowing silver altar of Zin.
   137 | D        | Became a worshipper of Sif Muna the Loreminder
   141 | D        | Learned a level 2 spell: Sticks to Snakes
   145 | D        | Learned a level 3 spell: Spider Form
   150 | D        | Learned a level 4 spell: Ice Form
   150 | D        | Found a glowing golden altar of the Shining One.
   255 | D        | Noticed a gargoyle
   255 | D        | Noticed an ice beast
   262 | D        | Killed a gargoyle
   262 | D        | Reached * piety under Sif Muna
   262 | D        | Reached skill level 6 in Fighting
   262 | D        | Reached skill level 5 in Dodging
   262 | D        | Reached XP level 6. HP: 42/58 MP: 7/12
   270 | D        | Killed an ice beast
   270 | D        | Your scales start taking on a glossy black colour.
   270 | D        | Reached XP level 7. HP: 48/64 MP: 7/13
   270 | D        | Gained mutation: You are resistant to electric shocks. (rElec) [Black Draconian growth]
   272 | D        | Reached skill level 7 in Fighting
   275 | D        | Reached ** piety under Sif Muna
   423 | D        | Learned a level 5 spell: Blade Hands
   425 | D        | Noticed a centaur warrior
   425 | D        | Noticed a vampire mosquito
   434 | D        | Killed a centaur warrior
   434 | D        | Reached *** piety under Sif Muna
   434 | D        | Reached skill level 8 in Fighting
   434 | D        | Reached skill level 5 in Stealth
   434 | D        | Reached skill level 5 in Spellcasting
   434 | D        | Reached XP level 8. HP: 58/75 MP: 4/15
   589 | D        | Noticed Erolcha
   699 | D        | Killed Erolcha
   699 | D        | Reached **** piety under Sif Muna
   699 | D        | Reached skill level 9 in Fighting
   699 | D        | Reached skill level 5 in Invocations
   699 | D        | Reached XP level 9. HP: 70/83 MP: 11/17
   783 | D        | Noticed a spiny frog
   783 | D        | Noticed a komodo dragon
   787 | D        | Killed a spiny frog
   787 | D        | Reached skill level 5 in Ice Magic
   787 | D        | Reached skill level 5 in Poison Magic
   820 | D        | Killed a komodo dragon
   820 | D        | Reached skill level 10 in Fighting
   822 | D        | Reached ***** piety under Sif Muna
   824 | D        | Identified Sif Muna's Almanac of Gliding Augmentations (Sif Muna gifted it to you in the Dungeon)
   824 | D        | Received a gift from Sif Muna
  1016 | D        | Noticed a komodo dragon
  1024 | D        | Reached skill level 5 in Throwing
  1027 | D        | Reached XP level 10. HP: 86/93 MP: 10/19
  1033 | D        | Reached skill level 10 in Unarmed Combat
  1048 | D        | Reached skill level 10 in Transmutations
  1122 | D        | Learned a level 2 spell: Shroud of Golubria
  1126 | D        | Learned a level 3 spell: Regeneration
  1152 | D        | Identified Sif Muna's Compendium of Unstable Creation (Sif Muna gifted it to you in the Dungeon)
  1152 | D        | Received a gift from Sif Muna
  1155 | D        | Reached skill level 11 in Fighting
  1317 | D        | Noticed Maurice
  1328 | D        | Killed Maurice
  1428 | D        | Noticed a stone giant
  1447 | D        | Killed a stone giant
  1749 | D        | Noticed an orc knight
  1749 | D        | Noticed an orc knight
  1753 | D        | Killed an orc knight
  1753 | D        | Identified Jiky's Reference Book on the Glacial Escort (Sif Muna gifted it to you in the Dungeon)
  1753 | D        | Received a gift from Sif Muna
  1753 | D        | Reached skill level 10 in Dodging
  1753 | D        | Reached XP level 11. HP: 80/103 MP: 14/21
  1754 | D        | Noticed an orc knight
  1776 | D        | HP: 3/103 [orc knight/great mace (22)]
  2150 | D        | Learned a level 3 spell: Ozocubu's Armour
  2195 | D        | Killed an orc knight
  2308 | D        | Killed an orc knight
  2308 | D        | Reached skill level 1 in Charms
  2488 | D        | Noticed an orc high priest
  2516 | D        | Killed an orc high priest
  2516 | D        | Reached skill level 12 in Fighting
  2657 | D        | Found Eqecen's General Store.
  2657 | D        | Noticed an orc knight
  2657 | D        | Noticed an orc knight
  2677 | D        | Killed an orc knight
  2680 | D        | Killed an orc knight
  2680 | D        | Received a gift from Sif Muna
  2684 | D        | Found Buwkojedd's Distillery.
  2694 | D        | Found Nydidwod's Food Emporium.
  2696 | D        | Found Nietuq's Antique Armour Shoppe.
  2697 | D        | Noticed an orc knight
  2701 | D        | Noticed an orc knight
  2930 | D        | Noticed an orc knight
  2935 | D        | Noticed an orc knight
  2944 | D        | Killed an orc knight
  2948 | D        | Killed an orc knight
  2950 | D        | Mangled by an orc knight

Vault maps used:
D:        linesprint

Skill      XL: |  1  2  3  4  5  6  7  8  9 10 11 |
---------------+----------------------------------+-----
Dodging        | 2 3 4 5 7 8 10 | 10.7
Fighting       | 2 4 6 8 9 10 11 12 | 12.4
Stealth        | 1 2 4 5 6 7 8 |  8.1
Transmutations | 4 6 8 9 10 11 | 11.6
Unarmed Combat | 4 5 6 8 9 11 | 11.7
Spellcasting   | 3 4 5 6 7 |  7.8
Throwing       | 2 3 4 5 6 |  6.8
Ice Magic      | 2 4 5 6 7 |  7.5
Poison Magic   | 2 4 5 6 7 |  7.4
Invocations    | 2 4 5 6 7 |  7.2
Charms         | 2 |  2.6

Action                   |  1- 3 |  4- 6 |  7- 9 | 10-12 || total
-------------------------+-------+-------+-------+-------++-------
Melee: Unarmed           |    28 |    18 |    52 |   190 ||   288
       Kick              |     4 |       |       |       ||     4
       Tailslap          |     2 |       |     4 |    23 ||    29
       Headbutt          |     2 |     2 |       |       ||     4
       Punch             |       |       |     2 |    10 ||    12
Throw: Tomahawk          |       |       |     2 |       ||     2
 Cast: Beastly Appendage |     3 |       |       |       ||     3
       Ice Form          |       |     1 |       |       ||     1
       Blade Hands       |       |       |     6 |    15 ||    21
       Shroud of Golubri |       |       |       |     5 ||     5
       Ozocubu's Armour  |       |       |       |     2 ||     2
  Use: Potion            |     1 |       |     1 |     2 ||     4
       Scroll            |       |       |       |     1 ||     1
 Stab: Sleeping          |       |       |     1 |       ||     1
  Eat: Chunk             |       |       |     3 |     7 ||    10
       Ration            |       |       |       |     2 ||     2
Armor: Skin              |     7 |     2 |    12 |    13 ||    34
Dodge: Dodged            |    16 |    10 |    34 |   127 ||   187

Table legend:
 A = Spawn XP
 B = Non-spawn XP
 C = Spawn XP percentage of total XP
 D = Spawn monster count
 E = Non-spawn monster count
 F = Spawn count percentage of total count
 G = Total turns spent on level
                    A         B        C        D         E        F      G
               +---------+---------+-------+---------+---------+-------+---------
         Total |       0 |   17147 |   0.0 |       0 |      85 |   0.0 |  2950
               +---------+---------+-------+---------+---------+-------+---------
             D |       0 |   17147 |   0.0 |       0 |      85 |   0.0 |  2950
               +---------+---------+-------+---------+---------+-------+---------
